 Dungeon Crawl Stone Soup version 0.20.1-1-g8b1a95d (webtiles) character file.

30752 TheGuigne the Severer (level 13, -11/122 HPs)
             Began as a Hill Orc Fighter on Aug 20, 2017.
             Was an Elder of Qazlal.
             Mangled by an azure jelly (36 damage)
             ... on level 6 of the Lair of Beasts.
             The game lasted 00:37:30 (18217 turns).

TheGuigne the Severer (Hill Orc Fighter)           Turns: 18217, Time: 00:37:31

Health: -11/122    AC: 19    Str: 28    XL:     13   Next: 53%
Magic:  19/19      EV:  9    Int:  9    God:    Qazlal [****..]
Gold:   867        SH:  5    Dex: 10    Spells: 12/12 levels left

rFire    . . .     SeeInvis .   g - +0 battleaxe (flame)
rCold    . . .     Gourm    .   (shield currently unavailable)
rNeg     . . .     Faith    .   w - +0 plate armour
rPois    +         Spirit   .   (no helmet)
rElec    .         Reflect  .   j - +0 cloak
rCorr    .         Harm     .   y - +0 pair of gloves
MR       +....                  (no boots)
Stlth    ..........             (no amulet)
Regen    0.3/turn               o - ring of poison resistance
MPRegen  0.2/turn               I - ring of protection from magic

@: mighty, lethally poisoned (-11 -> -14), repel missiles
A: no striking features
a: Upheaval, Elemental Force, Renounce Religion


You were on level 6 of the Lair of Beasts.
You worshipped Qazlal.
Qazlal was greatly pleased with you.
You were very hungry.

You visited 3 branches of the dungeon, and saw 17 of its levels.

You collected 867 gold pieces.

Inventory:

Hand Weapons
 a - a +1 whip of flaming
 b - a +3 war axe of freezing
 g - a +0 battleaxe of flaming (weapon)
Armour
 c - a +0 shield
 j - a +0 cloak (worn)
 t - a +0 chain mail
 w - a +0 plate armour (worn)
 y - a +0 pair of gloves (worn)
Jewellery
 l - an uncursed ring of fire
 o - a ring of poison resistance (left hand)
 I - a ring of protection from magic (right hand)
 U - an uncursed ring of stealth {unknown}
Wands
 n - a wand of polymorph (19/24)
 s - a wand of confusion (18/48)
 N - a wand of iceblast (6/15)
 O - a wand of clouds (7/9)
 P - a wand of paralysis (10/24)
 W - a wand of disintegration (12/24)
 Z - a wand of confusion (24/48)
Scrolls
 h - a scroll of brand weapon
 k - a scroll of amnesia {unknown}
 r - 9 scrolls of teleportation
 v - 5 scrolls of remove curse
 x - 3 scrolls of immolation
 F - a scroll of blinking {unknown}
 H - a scroll of acquirement {unknown}
 J - 4 scrolls of enchant armour
 L - a scroll of recharging
 Q - 2 scrolls of magic mapping
 Y - a scroll of fog
Potions
 d - 2 potions of might
 e - a potion of mutation
 i - 2 potions of lignification
 m - a potion of ambrosia {unknown}
 p - 3 potions of agility
 q - 3 potions of brilliance {unknown}
 A - a potion of cancellation
 B - a potion of heal wounds
 D - 3 potions of curing
 E - a potion of resistance
 M - 3 potions of invisibility {unknown}
 R - a potion of flight {unknown}
 S - 3 potions of haste {unknown}
 T - a potion of magic {unknown}
Books
 z - a book of Misfortune

   Spells                             Type                      Level
   a - Confusing Touch                Hexes                        1
   b - Confuse                        Hexes                        3
   c - Gell's Gravitas                Translocation                3
   d - Petrify                        Transmutation/Earth          4
   e - Metabolic Englaciation         Hexes/Ice                    5
   f - Yara's Violent Unravelling     Hexes/Transmutation          5
 G - a book of Minor Magic

   Spells                             Type                      Level
   a - Magic Dart                     Conjuration                  1
   b - Blink                          Translocation                2
   c - Call Imp                       Summoning                    2
   d - Slow                           Hexes                        2
   e - Conjure Flame                  Conjuration/Fire             3
   f - Mephitic Cloud                 Conjuration/Poison/Air       3
 K - Cepisobb's Disquisition on the Compass
   (You found it on level 1 of the Lair of Beasts)

   Spells                             Type                      Level
   a - Teleport Other                 Translocation                3
   b - Passage of Golubria            Translocation                4
   c - Summon Forest                  Summoning/Translocation      5
   d - Disjunction                    Translocation                8
Comestibles
 f - 9 bread rations
 u - 3 royal jellies
 C - 7 meat rations
 V - 24 fruits


   Skills:
 * Level 13.5 Fighting
 - Level 16.0 Axes
 * Level 13.9 Armour
 * Level 4.0 Dodging
 - Level 3.2 Shields
 + Level 8.0 Invocations


You had 12 spell levels left.
You didn't know any spells.

Dungeon Overview and Level Annotations

Branches:
Dungeon (10/15)            Temple (1/1) D:7            Lair (6/6) D:8
  Swamp (0/4) Lair:3       Spider (0/4) Lair:4
  Slime: Lair:5-6       Orc: D:9-12

Altars:
Ashenzari
Cheibriados
Elyvilon
Gozag
Hepliaklqana
Makhleb
Qazlal
Sif Muna
Uskayaw
Xom
Yredelemnul
Zin

Annotations:
Lair:5 exclusion: 3 oklob plants


Message History

The azure jelly is lightly wounded.
You feel sick.
The azure jelly is engulfed in freezing vapours.
The azure jelly hits you.
* * * LOW HITPOINT WARNING * * *
The azure jelly freezes you!
* * * LOW HITPOINT WARNING * * *
The azure jelly closely misses you. The azure jelly hits you.
* * * LOW HITPOINT WARNING * * *
The azure jelly hits you but does no damage.
You feel much better.
The azure jelly is engulfed in freezing vapours.
The azure jelly closely misses you. You block the azure jelly's attack.
The azure jelly completely misses you.
The azure jelly hits you but does no damage.
You feel very mighty all of a sudden.
You feel sick. The azure jelly hits you.
* * * LOW HITPOINT WARNING * * *
The azure jelly freezes you!!!
You die...

...P.## ...w
#P....P.. ....
#...P...# .#...
.......## ...#
#......##
P.....
#......##....P#
##...§§#.#....#
#.§†§§§.......#
##.#@..........
##J.#.....#.
#...##...#
......#..#
..P..#.....#
......(......
#.......##.$..
#.####### ..


You could see an azure jelly.

Vanquished Creatures
  The ghost of tidbits the Martial Artist, a journeyman DgTm (Lair:5)
  5 hydras
  A two-headed ogre (D:8)
  Pikel (D:5)
  8 elephants
  5 black mambas
  3 rime drakes
  8 spiny frogs
  Joseph (D:10)
  A demonic crawler (Lair:4)
  6 komodo dragons
  A tyrant leech (Lair:6)
  A polar bear (Lair:5)
  A hornet (D:9)
  14 blink frogs
  3 hippogriffs
  3 yaks (Lair:3)
  A wyvern (Lair:3)
  A vampire (D:7)
  Menkaure (D:7)
  2 swamp worms (Lair:3)
  14 porcupines
  10 water moccasins
  Duvessa (D:7)
  2 black bears
  3 orc warriors
  2 slaves (D:5)
  A necrophage (D:6)
  2 phantoms
  39 wolves
  7 ogres
  3 centaurs
  2 big kobolds
  5 crocodiles
  12 bullfrogs
  A gnoll sergeant (D:9)
  Dowan (D:7)
  3 scorpions
  A water moccasin skeleton (D:9)
  13 killer bees
  5 wights (D:8)
  A howler monkey (D:7)
  3 jellies
  2 bullfrog zombies
  A quasit (D:10)
  A centaur zombie (D:10)
  2 bullfrog skeletons
  2 hounds
  Crazy Yiuf (D:3)
  2 orc priests
  Terence (D:3)
  3 iguanas
  9 orc wizards
  4 worker ants
  A killer bee zombie (D:5)
  3 hound skeletons
  A howler monkey zombie (D:10)
  A worker ant zombie (D:5)
  7 gnolls
  12 adders
  A shadow imp (D:9)
  5 worms
  2 dart slugs
  6 leopard geckos
  36 orcs
  10 giant cockroaches
  8 goblins
  4 hobgoblins
  6 jackals
  7 quokkas
  15 bats
  5 frilled lizards
  A jackal zombie (D:9)
  19 kobolds
  4 rats
  3 fungi
384 creatures vanquished.

Vanquished Creatures (others)
  A howler monkey (D:5)
  A hound (D:5)
  2 orcs (D:5)
  21 fungi
  21 plants
46 creatures vanquished.

Grand Total: 430 creatures vanquished

Notes
Turn   | Place    | Note
-------+----------+-------------------------------------------
     0 | D:1      | TheGuigne the Hill Orc Fighter began the quest for the Orb.
     0 | D:1      | Reached XP level 1. HP: 19/19 MP: 1/1
    49 | D:1      | Reached skill level 3 in Axes
   103 | D:1      | Reached XP level 2. HP: 26/26 MP: 2/2
   208 | D:1      | Reached skill level 4 in Axes
   428 | D:1      | Reached XP level 3. HP: 31/31 MP: 3/3
   782 | D:2      | Reached skill level 5 in Axes
   990 | D:2      | Found a snail-covered altar of Cheibriados.
  1121 | D:2      | Reached XP level 4. HP: 37/39 MP: 4/4
  1219 | D:2      | Found an opulent altar of Gozag.
  1245 | D:2      | Reached skill level 6 in Axes
  1668 | D:3      | Noticed Terence
  1704 | D:3      | Reached XP level 5. HP: 34/45 MP: 5/5
  1718 | D:3      | Killed Terence
  1718 | D:3      | Reached skill level 7 in Axes
  1883 | D:3      | Found a runed door.
  1887 | D:3      | Noticed Crazy Yiuf
  1894 | D:3      | Killed Crazy Yiuf
  2191 | D:4      | Reached skill level 8 in Axes
  2191 | D:4      | Reached XP level 6. HP: 23/51 MP: 6/6
  2547 | D:4      | Noticed a phantom
  2561 | D:4      | Killed a phantom
  2561 | D:4      | Reached skill level 9 in Axes
  2876 | D:5      | Entered Level 5 of the Dungeon
  2920 | D:5      | Reached XP level 7. HP: 43/57 MP: 7/7
  2997 | D:5      | Noticed Pikel
  3025 | D:5      | Killed Pikel
  3025 | D:5      | Reached skill level 11 in Axes
  3025 | D:5      | Reached XP level 8. HP: 56/64 MP: 8/8
  3447 | D:5      | Reached skill level 12 in Axes
  3660 | D:5      | Found a basalt altar of Yredelemnul.
  4033 | D:6      | Reached skill level 13 in Axes
  4292 | D:6      | Reached skill level 5 in Fighting
  4485 | D:6      | Found a glowing silver altar of Zin.
  4620 | D:6      | Reached XP level 9. HP: 78/78 MP: 9/9
  4880 | D:7      | Noticed Menkaure
  4885 | D:7      | Killed Menkaure
  4906 | D:7      | Found a staircase to the Ecumenical Temple.
  4915 | Temple   | Entered the Ecumenical Temple
  5007 | Temple   | Became a worshipper of Qazlal Stormbringer
  5129 | D:7      | Noticed Duvessa
  5129 | D:7      | Noticed Dowan
  5139 | D:7      | Killed Duvessa
  5142 | D:7      | Killed Dowan
  6004 | D:8      | Reached skill level 14 in Axes
  6259 | D:8      | Noticed a two-headed ogre
  6266 | D:8      | Killed a two-headed ogre
  6266 | D:8      | Reached skill level 15 in Axes
  6266 | D:8      | Reached XP level 10. HP: 17/90 MP: 10/10
  6665 | D:8      | Found a staircase to the Lair.
  6751 | D:8      | Reached * piety under Qazlal
  7081 | Lair:1   | Entered Level 1 of the Lair of Beasts
  7109 | Lair:1   | HP: 4/90 [komodo dragon (28)]
  7136 | Lair:1   | HP: 2/90 [porcupine (11)]
  7492 | Lair:1   | Reached skill level 16 in Axes
  7685 | Lair:1   | Reached skill level 1 in Invocations
  8072 | Lair:1   | Identified Cepisobb's Disquisition on the Compass
  8445 | Lair:2   | Reached skill level 5 in Armour
  8667 | Lair:2   | Reached skill level 5 in Invocations
  8801 | Lair:2   | Noticed a six-headed hydra
  8806 | Lair:2   | Noticed a spiny frog
  9125 | Lair:2   | Reached XP level 11. HP: 91/95 MP: 15/15
  9285 | Lair:2   | Reached skill level 1 in Dodging
  9698 | Lair:2   | Killed a six-headed hydra
 10596 | Lair:3   | Reached skill level 10 in Armour
 10605 | Lair:3   | Reached skill level 10 in Fighting
 11160 | Lair:3   | Found a staircase to the Swamp.
 11504 | Lair:4   | Reached ** piety under Qazlal
 11529 | Lair:3   | Reached XP level 12. HP: 26/107 MP: 16/16
 12845 | Lair:4   | Found a hole to the Spider Nest.
 13261 | Lair:5   | Noticed tidbits's ghost (journeyman DgTm)
 13288 | Lair:5   | Killed tidbits's ghost
 13652 | Lair:5   | Noticed a six-headed hydra
 13697 | Lair:5   | Killed a six-headed hydra
 13697 | Lair:5   | Reached *** piety under Qazlal
 13999 | Lair:5   | Noticed an eight-headed hydra
 14015 | Lair:5   | Killed an eight-headed hydra
 14471 | Lair:5   | Reached XP level 13. HP: 30/119 MP: 18/18
 14478 | Lair:5   | HP: 5/119 [elephant (14)]
 14953 | Lair:5   | HP: 4/178 [polar bear (21)]
 16444 | D:10     | Entered Level 10 of the Dungeon
 16708 | D:10     | Noticed Joseph
 16709 | D:10     | Reached **** piety under Qazlal
 16717 | D:10     | Killed Joseph
 17941 | Lair:6   | Entered Level 6 of the Lair of Beasts
 18208 | Lair:6   | Noticed an azure jelly
 18217 | Lair:6   | Mangled by an azure jelly

Skill      XL: |  1  2  3  4  5  6  7  8  9 10 11 12 13 |
---------------+----------------------------------------+-----
Axes           | 3 4 5 6 8 9 11 13 15 16 | 16.0
Fighting       | 6 8 10 12 13 | 13.5
Invocations    | 5 6 7 8 |  8.0
Armour         | 7 11 12 13 | 13.9
Dodging        | 1 3 4 |  4.0
Shields        | |  3.2

Action                   |  1- 3 |  4- 6 |  7- 9 | 10-12 | 13-15 || total
-------------------------+-------+-------+-------+-------+-------++-------
Melee: War axe           |   120 |   151 |       |   403 |    37 ||   711
       Hand axe          |       |    44 |   102 |       |       ||   146
       Battleaxe         |       |       |   135 |    42 |   239 ||   416
       Whip              |       |       |       |    65 |    11 ||    76
Invok: Upheaval          |       |       |       |     6 |     1 ||     7
Evoke: Wand              |       |       |       |       |     1 ||     1
  Use: Scroll            |       |       |    11 |     7 |     3 ||    21
       Potion            |       |       |     1 |     7 |     5 ||    13
 Stab: Distracted        |       |       |       |       |     1 ||     1
  Eat: Chunk             |     1 |     6 |    10 |    20 |     9 ||    46
       Fruit             |       |       |     1 |       |     2 ||     3
       Royal jelly       |       |       |       |     3 |       ||     3
Armor: Scale mail        |    64 |    20 |       |       |       ||    84
       Chain mail        |       |    78 |    89 |   258 |    69 ||   494
       Plate armour      |       |       |       |       |    97 ||    97
       Skin              |       |       |       |       |    11 ||    11
Dodge: Dodged            |    43 |    38 |    53 |   149 |   110 ||   393
       Deflected         |       |       |       |       |     1 ||     1
Block: Shield            |    78 |    88 |    27 |   309 |    32 ||   534
       Other             |       |       |       |     1 |    42 ||    43
